EVO
UNIVERSITY OF MICHIGAN WOLVERINES @ UNIVERSITY OF CALIFORNIA GOLDEN BEARS
09/19/2047
 
TOP OF THE 1ST
University of Michigan Wolverines batting - Pitching for University of California Golden Bears : RHP Phil McLaughlin
Pitching: RHP Phil McLaughlin
Batting: LHB Javier Cajina 0-0: Called Strike
0-1: Ground out U3 (Groundball, 13, EV 78.1 MPH)
Batting: LHB Carlos Guajardo 0-0: Called Strike
0-1: Ball
1-1: Ball
2-1: Ground out 4-3 (Groundball, 4, EV 87.5 MPH)
Batting: LHB Dakota Kaempf 0-0: Ground out 4-3 (Groundball, 4, EV 87.5 MPH)
Top of the 1st over - 0 runs, 0 hits, 0 errors, 0 left on base; University of Michigan 0 - University of California 0
BOTTOM OF THE 1ST
University of California Golden Bears batting - Pitching for University of Michigan Wolverines : RHP Johnny Lucero
Pitching: RHP Johnny Lucero
Batting: RHB Mike Trueblood 0-0: Ball
1-0: Ball
2-0: Foul Ball, location: 2F
2-1: Fly out, F8 (Line Drive, 8LD, EV 91.9 MPH)
Batting: RHB Ken Hahn 0-0: Hit by Pitch
Batting: LHB Carlos Gaona 0-0: Called Strike
0-1: Called Strike
0-2: Fly out, F5 (Popup, 15, EV 79.4 MPH)
Batting: RHB Nate Mahon 0-0: Ball
1-0: Ball
2-0: Fielders Choice at 2nd, 6-4 (Groundball, 56, EV 85.0 MPH)
Bottom of the 1st over - 0 runs, 0 hits, 0 errors, 1 left on base; University of Michigan 0 - University of California 0
TOP OF THE 2ND
University of Michigan Wolverines batting - Pitching for University of California Golden Bears : RHP Phil McLaughlin
Batting: LHB Takao Ogura 0-0: Ball
1-0: Ground out 5-3 (Groundball, 5S, EV 68.8 MPH)
Batting: RHB Michael Patterson 0-0: Fly out, F8 (Line Drive, 8LS, EV 103.1 MPH)
Batting: RHB Ben Follett 0-0: Ball
1-0: Fly out, F8 (Flyball, 89S, EV 81.9 MPH)
Top of the 2nd over - 0 runs, 0 hits, 0 errors, 0 left on base; University of Michigan 0 - University of California 0
BOTTOM OF THE 2ND
University of California Golden Bears batting - Pitching for University of Michigan Wolverines : RHP Johnny Lucero
Batting: RHB Steve Kirby 0-0: Called Strike
0-1: SOLO HOME RUN (Flyball, 78XD, EV 103.8 MPH), Distance : 396 ft
Batting: RHB Ivan Rivera 0-0: Called Strike
0-1: Ball
1-1: Foul Ball, location: 2F
1-2: Ball
2-2: Strikes out swinging
Batting: LHB Luis Orellana 0-0: Ball
1-0: Ball
2-0: Ball
3-0: Called Strike
3-1: Ground out U3 (Groundball, 34S, EV 86.2 MPH)
Batting: RHB Shawn Jansen 0-0: Ground out 4-3 (Groundball, 4S, EV 87.5 MPH)
Bottom of the 2nd over - 1 run, 1 hit, 0 errors, 0 left on base; University of Michigan 0 - University of California 1
TOP OF THE 3RD
University of Michigan Wolverines batting - Pitching for University of California Golden Bears : RHP Phil McLaughlin
Batting: RHB Shi-xian Da 0-0: Foul Ball, location: 2F
0-1: Called Strike
0-2: Foul Ball, location: 2F
0-2: Ball
1-2: Strikes out looking
Batting: SHB J.D. Newman 0-0: Ball
1-0: Ball
2-0: Fly out, F8 (Line Drive, 8RD, EV 101.9 MPH)
Batting: SHB Raul Herrera 0-0: Called Strike
0-1: Ball
1-1: Fly out, F8 (Line Drive, 8LD, EV 88.1 MPH)
Top of the 3rd over - 0 runs, 0 hits, 0 errors, 0 left on base; University of Michigan 0 - University of California 1
BOTTOM OF THE 3RD
University of California Golden Bears batting - Pitching for University of Michigan Wolverines : RHP Johnny Lucero
Batting: RHB Juan Debayle 0-0: Called Strike
0-1: Called Strike
0-2: Foul Ball, location: 2F
0-2: Ground out 5-3 (Groundball, 5, EV 91.9 MPH)
Batting: RHB Mike Trueblood 0-0: Called Strike
0-1: Ball
1-1: Fly out, F7 (Line Drive, 7S, EV 93.1 MPH)
Batting: RHB Ken Hahn 0-0: Ball
1-0: Swinging Strike
1-1: Ball
2-1: Ball
3-1: Foul Ball, location: 2F
3-2: Fly out, F8 (Flyball, 8RM, EV 86.9 MPH)
Bottom of the 3rd over - 0 runs, 0 hits, 0 errors, 0 left on base; University of Michigan 0 - University of California 1
TOP OF THE 4TH
University of Michigan Wolverines batting - Pitching for University of California Golden Bears : RHP Phil McLaughlin
Batting: LHB Javier Cajina 0-0: Called Strike
0-1: Fly out, F9 (Line Drive, 9S, EV 93.8 MPH)
Batting: LHB Carlos Guajardo 0-0: Swinging Strike
0-1: Ball
1-1: Ground out 5-3 (Groundball, 56, EV 80.6 MPH)
Batting: LHB Dakota Kaempf 0-0: Called Strike
0-1: Ground out 6-3 (Groundball, 6M, EV 100.0 MPH)
Top of the 4th over - 0 runs, 0 hits, 0 errors, 0 left on base; University of Michigan 0 - University of California 1
BOTTOM OF THE 4TH
University of California Golden Bears batting - Pitching for University of Michigan Wolverines : RHP Johnny Lucero
Batting: LHB Carlos Gaona 0-0: Ball
1-0: Ball
2-0: Ground out U3 (Groundball, 3S, EV 86.2 MPH)
Batting: RHB Nate Mahon 0-0: Ball
1-0: Called Strike
1-1: Ball
2-1: Foul Ball, location: 2F
2-2: Strikes out looking
Batting: RHB Steve Kirby 0-0: Ball
1-0: Ball
2-0: Ball
3-0: Called Strike
3-1: Fly out, F7 (Flyball, 78M, EV 94.4 MPH)
Bottom of the 4th over - 0 runs, 0 hits, 0 errors, 0 left on base; University of Michigan 0 - University of California 1
TOP OF THE 5TH
University of Michigan Wolverines batting - Pitching for University of California Golden Bears : RHP Phil McLaughlin
Batting: LHB Takao Ogura 0-0: Swinging Strike
0-1: Ball
1-1: Called Strike
1-2: Strikes out looking
Batting: RHB Michael Patterson 0-0: Called Strike
0-1: Foul Ball, location: 2F
0-2: DOUBLE (Flyball, 8RD, EV 99.4 MPH)
Batting: RHB Ben Follett 0-0: Ball
1-0: Foul Ball, location: 2F
1-1: Foul Ball, location: 2F
1-2: Foul Ball, location: 2F
1-2: Strikes out swinging
Batting: RHB Shi-xian Da 0-0: Ball
1-0: Ball
2-0: Ball
3-0: Base on Balls
Batting: SHB J.D. Newman 0-0: Ball
1-0: Ball
2-0: Called Strike
2-1: Swinging Strike
2-2: Foul Ball, location: 2F
2-2: Strikes out swinging
Top of the 5th over - 0 runs, 1 hit, 0 errors, 2 left on base; University of Michigan 0 - University of California 1
BOTTOM OF THE 5TH
University of California Golden Bears batting - Pitching for University of Michigan Wolverines : RHP Johnny Lucero
Batting: RHB Ivan Rivera 0-0: Fly out, F8 (Flyball, 8LD, EV 91.2 MPH)
Batting: LHB Luis Orellana 0-0: Ball
1-0: SOLO HOME RUN (Flyball, 9D, EV 98.1 MPH), Distance : 366 ft
Batting: RHB Shawn Jansen 0-0: Fly out, F9 (Flyball, 89XD, EV 93.1 MPH)
Batting: RHB Juan Debayle 0-0: Foul Ball, location: 2F
0-1: Ball
1-1: Ball
2-1: Ball
3-1: Fly out, F4 (Line Drive, 4, EV 70.0 MPH)
Bottom of the 5th over - 1 run, 1 hit, 0 errors, 0 left on base; University of Michigan 0 - University of California 2
TOP OF THE 6TH
University of Michigan Wolverines batting - Pitching for University of California Golden Bears : RHP Phil McLaughlin
Batting: SHB Raul Herrera 0-0: Called Strike
0-1: Ball
1-1: Ground out 4-3 (Groundball, 4, EV 101.9 MPH)
Batting: LHB Javier Cajina 0-0: Called Strike
0-1: Ground out 4-3 (Groundball, 4, EV 98.8 MPH)
Batting: LHB Carlos Guajardo 0-0: Ball
1-0: Ball
2-0: Ball
3-0: Called Strike
3-1: Foul Ball, location: 2F
3-2: Base on Balls
Batting: LHB Dakota Kaempf 0-0: Ball
1-0: Fly out, F8 (Flyball, 8LXD, EV 88.1 MPH)
Top of the 6th over - 0 runs, 0 hits, 0 errors, 1 left on base; University of Michigan 0 - University of California 2
BOTTOM OF THE 6TH
University of California Golden Bears batting - Pitching for University of Michigan Wolverines : RHP Johnny Lucero
Batting: RHB Mike Trueblood 0-0: Called Strike
0-1: SINGLE (Flyball, 6D, EV 96.2 MPH)
Batting: RHB Ken Hahn 0-0: Swinging Strike
0-1: Called Strike
0-2: Ball
1-2: Ball
2-2: Ball
3-2: Base on Balls
Mike Trueblood to second
Batting: LHB Carlos Gaona 0-0: Fly out, F9 (Flyball, 9, EV 88.1 MPH)
Batting: RHB Nate Mahon 0-0: Ball
1-0: Ball
2-0: Foul Ball, location: 2F
2-1: Fly out, F2 (Popup, 23F, EV 89.4 MPH)
Batting: RHB Steve Kirby 0-0: Swinging Strike
0-1: Foul Ball, location: 2F
0-2: Ball
1-2: Ball
2-2: Foul Ball, location: 2F
2-2: Strikes out swinging
Bottom of the 6th over - 0 runs, 1 hit, 0 errors, 2 left on base; University of Michigan 0 - University of California 2
TOP OF THE 7TH
University of Michigan Wolverines batting - Pitching for University of California Golden Bears : RHP Phil McLaughlin
Batting: LHB Takao Ogura 0-0: Called Strike
0-1: Called Strike
0-2: Ball
1-2: Foul Ball, location: 2F
1-2: Ball
2-2: Foul Ball, location: 2F
2-2: Ball
3-2: Foul Ball, location: 2F
3-2: Strikes out swinging
Batting: RHB Michael Patterson 0-0: Foul Ball, location: 2F
0-1: Ball
1-1: Swinging Strike
1-2: Strikes out swinging
Batting: RHB Ben Follett 0-0: Ground out 4-3 (Groundball, 4, EV 102.5 MPH)
Top of the 7th over - 0 runs, 0 hits, 0 errors, 0 left on base; University of Michigan 0 - University of California 2
BOTTOM OF THE 7TH
University of California Golden Bears batting - Pitching for University of Michigan Wolverines : RHP Johnny Lucero
Batting: RHB Ivan Rivera 0-0: Fly out, F7 (Flyball, 78M, EV 80.0 MPH)
Batting: LHB Luis Orellana 0-0: Called Strike
0-1: Swinging Strike
0-2: Strikes out swinging
Batting: RHB Shawn Jansen 0-0: Called Strike
0-1: Foul Ball, location: 2F
0-2: Strikes out swinging
Bottom of the 7th over - 0 runs, 0 hits, 0 errors, 0 left on base; University of Michigan 0 - University of California 2
TOP OF THE 8TH
University of Michigan Wolverines batting - Pitching for University of California Golden Bears : RHP Phil McLaughlin
Pitching: LHP Kimmo-Mikka Koistinen
Batting: RHB Shi-xian Da 0-0: Ball
1-0: Ball
2-0: Foul Ball, location: 2F
2-1: SINGLE (Groundball, 25, EV 73.8 MPH) (infield hit)
Pinch Hitting: RHB Mitsuhiro Kobayashi 0-0: Fly out, F8 (Flyball, 8LD, EV 75.6 MPH)
Pinch Hitting: SHB Fernando Fundora 0-0: Ball
1-0: Ball
2-0: Called Strike
2-1: Fly out, F8 (Flyball, 8LM, EV 95.6 MPH)
Batting: LHB Javier Cajina 0-0: Fly out, F7 (Flyball, 78S, EV 96.9 MPH)
Top of the 8th over - 0 runs, 1 hit, 0 errors, 1 left on base; University of Michigan 0 - University of California 2
BOTTOM OF THE 8TH
University of California Golden Bears batting - Pitching for University of Michigan Wolverines : RHP Johnny Lucero
Now at 3B: Jeremy Marin
Now in LF: Fernando Fundora
Batting: RHB Juan Debayle 0-0: Called Strike
0-1: Foul Ball, location: 2F
0-2: Ground out U3 (Groundball, 34, EV 103.1 MPH)
Batting: RHB Mike Trueblood 0-0: Ball
1-0: Called Strike
1-1: Foul Ball, location: 2F
1-2: Ground out 6-3 (Groundball, 6, EV 78.8 MPH)
Batting: RHB Ken Hahn 0-0: Ball
1-0: Ball
2-0: Ground out 6-3 (Groundball, 6S, EV 78.1 MPH)
Bottom of the 8th over - 0 runs, 0 hits, 0 errors, 0 left on base; University of Michigan 0 - University of California 2
TOP OF THE 9TH
University of Michigan Wolverines batting - Pitching for University of California Golden Bears : LHP Kimmo-Mikka Koistinen
Pitching: RHP Steve Clothier
Batting: LHB Carlos Guajardo 0-0: Ball
1-0: Ball
2-0: Swinging Strike
2-1: Foul Ball, location: 2F
2-2: Strikes out swinging
Batting: LHB Dakota Kaempf 0-0: Called Strike
0-1: SINGLE (Line Drive, 56D, EV 103.8 MPH)
Batting: LHB Takao Ogura 0-0: Ball
1-0: Fielders Choice at 2nd, 2-4 (Groundball, 2L, EV 75.0 MPH)
Pinch Hitting: LHB Hector Beltran 0-0: Ball
1-0: Ball
Wild Pitch!
Takao Ogura to second
2-0: Called Strike
2-1: Ball
3-1: Base on Balls
Batting: RHB Ben Follett 0-0: Called Strike
0-1: SINGLE (Groundball, 34D, EV 100.0 MPH)
Takao Ogura to third
Hector Beltran to second
Pitching: LHP Adam Gavel
Batting: RHB Shi-xian Da 0-0: Foul Ball, location: 2F
0-1: Foul Ball, location: 2F
0-2: SINGLE (Groundball, 56D, EV 94.4 MPH)
Takao Ogura scores
Hector Beltran to third
Ben Follett to second
Runner from 3rd tries for Home, throw by LF and OUT! 7-2
Top of the 9th over - 1 run, 3 hits, 0 errors, 2 left on base; University of Michigan 1 - University of California 2
Thursday, December 15th , 2022 - OOTP Baseball 23.9 Build 102